 Dungeon Crawl Stone Soup version 0.26.1-11-gd32895ea62 (webtiles) character file.

Game seed: 2407637995337481604

53451 phalm the Thaumaturge (level 14, 0/108 HPs)
             Began as a Gnoll Conjurer on May 18, 2021.
             Was the Champion of Cheibriados.
             Slain by a dire elephant (36 damage)
             ... on level 6 of the Lair of Beasts.
             The game lasted 01:09:20 (25958 turns).

phalm the Thaumaturge (Gnoll Conjurer)             Turns: 25958, Time: 01:09:21

Health: 0/108      AC: 10    Str: 25    XL:     14   Next: 68%
Magic:  14/28      EV: 29    Int: 40    God:    Cheibriados [******]
Gold:   1001       SH:  9    Dex: 32    Spells: 17/34 levels left

rFire    + . .     SeeInvis .   S - staff of death (curse) {!a}
rCold    + . .     Faith    .   y - +0 buckler
rNeg     + . .     Spirit   .   N - +1 robe {rC+}
rPois    .         Reflect  .   H - +0 helmet
rElec    .         Harm     .   z - +0 cloak
rCorr    .         Rampage  .   b - +2 pair of gloves
Will     +....                  (no boots)
Stlth    ++++++....             A - amulet of the acrobat
HPRegen  0.28/turn              E - +4 ring of evasion
MPRegen  0.21/turn              x - ring of the Catamount {+Fly rF+ Dex+3 Stlth+}

@: very slow
A: distributed training, fangs 1, strong nose
a: Renounce Religion, Evoke Flight, Bend Time, Temporal Distortion, Slouch, Step
From Time


You were on level 6 of the Lair of Beasts.
You worshipped Cheibriados.
Cheibriados was exalted by your worship.
You visited 3 branches of the dungeon, and saw 18 of its levels.
You also visited: Sewer and Ossuary.

You collected 1001 gold pieces.


Innate Abilities, Weirdness & Mutations

Your experience applies equally to all skills.
You have very sharp teeth.
Your uncanny sense of smell can sniff out nearby items.


   Skills:
 + Level 9.4 Fighting
 + Level 9.4 Short Blades
 + Level 9.4 Long Blades
 + Level 9.4 Axes
 + Level 9.4 Maces & Flails
 + Level 9.4 Polearms
 + Level 9.4 Staves
 + Level 9.4 Slings
 + Level 9.4 Bows
 + Level 9.4 Crossbows
 + Level 9.4 Throwing
 + Level 9.4 Armour
 + Level 10.4 Dodging
 + Level 10.3 Stealth
 + Level 9.4 Shields
 + Level 9.4 Unarmed Combat
 + Level 10.6 Spellcasting
 + Level 10.5 Conjurations
 + Level 7.9 Hexes
 + Level 7.9 Summonings
 + Level 7.9 Necromancy
 + Level 7.9 Translocations
 + Level 7.9 Transmutations
 + Level 7.9 Fire Magic
 + Level 7.9 Ice Magic
 + Level 7.9 Air Magic
 + Level 7.9 Earth Magic
 + Level 7.9 Poison Magic
 + Level 10.2 Invocations
 + Level 9.4 Evocations


You had 17 spell levels left.
You knew the following spells:

 Your Spells              Type           Power        Failure   Level
f - Fulminant Prism       Conj/Hex       38%          1%          4
m - Magic Dart            Conj           100%         1%          1
n - Dispel Undead         Necr           91%          1%          4
s - Searing Ray           Conj           100%         1%          2
X - Iskenderun's Mystic   Conj/Tloc      76%          1%          4
Y - Sublimation of Blood  Necr           45%          1%          2

Your spell library contained the following spells:

 Spells                   Type           Power        Failure   Level
 Corpse Rot               Necr/Air       N/A          1%          2
 Dazzling Flash           Conj/Hex       100%         1%          3
 Agony                    Necr           91%          1%          5
 Excruciating Wounds      Necr           45%          1%          5

Inventory:

Hand Weapons
 a - a +1 long sword of holy wrath
   (You took it off an orc warrior on level 8 of the Dungeon)
 I - the +4 dire flail "Ydghussam" {freeze, rPois rF+ Str-2 SInv}
   (You found it on level 3 of the Lair of Beasts)

   It has been specially enchanted to freeze those struck by it, causing extra
   injury to most foes and up to half again as much damage against particularly
   susceptible opponents.
   It can also slow down cold-blooded creatures.
   It affects your strength (-2).
   It protects you from fire.
   It protects you from poison.
   It lets you see invisible.
Missiles
 c - a javelin
 n - 44 poisoned darts
 p - 4 curare-tipped darts {=f}
 w - 7 throwing nets {=f!f}
Armour
 b - a +2 pair of gloves (worn)
   (You found it on level 2 of the Lair of Beasts)
 y - a +0 buckler (worn)
   (You found it on level 5 of the Dungeon)
 z - a +0 cloak (worn)
   (You found it on level 5 of the Dungeon)
 H - a +0 helmet (worn)
   (You found it on level 3 of the Lair of Beasts)
 N - a +1 robe of cold resistance (worn)
   (You took it off Fannar on level 10 of the Dungeon)
 P - +0 ice dragon scales
   (You found it on level 6 of the Lair of Beasts)
Magical Staves
 S - a cursed staff of death (weapon) {!a}
   (You found it on level 5 of the Lair of Beasts)
Jewellery
 g - an uncursed amulet of regeneration
   (You found it on level 9 of the Dungeon)
 o - an uncursed ring of willpower
   (You found it on level 1 of the Lair of Beasts)
 v - an uncursed ring of see invisible
   (You found it on level 1 of the Lair of Beasts)
 x - the ring of the Catamount (right hand) {+Fly rF+ Dex+3 Stlth+}
   (You acquired it in an ossuary)

   [ring of protection from fire]

   It affects your dexterity (+3).
   It protects you from fire.
   It lets you fly.
   It makes you more stealthy.
 A - an amulet of the acrobat (around neck)
   (You found it on level 4 of the Lair of Beasts)
 C - an uncursed ring of protection from cold
   (You found it on level 5 of the Dungeon)
 E - a +4 ring of evasion (left hand)
   (You found it on level 2 of the Lair of Beasts)
 O - a +4 ring of protection
   (You found it on level 2 of the Lair of Beasts)
Wands
 t - a wand of iceblast (5)
   (You found it on level 3 of the Lair of Beasts)
 L - a wand of polymorph (7)
   (You took it off an orc on level 10 of the Dungeon)
Scrolls
 f - a scroll of blinking {!r}
 h - 4 scrolls of remove curse {@r2}
 i - 2 scrolls of fear
 m - a scroll of vulnerability {!r!r}
 r - 3 scrolls of fog
 u - 6 scrolls of teleportation {@r4}
 F - 3 scrolls of magic mapping {!r}
 Q - 2 scrolls of noise {!r}
 R - 2 scrolls of amnesia {unknown}
 V - a scroll of enchant armour
 W - a scroll of summoning {unknown}
Potions
 e - 9 potions of curing {@q1}
 j - 3 potions of lignification {!q}
 k - 4 potions of flight
 l - 8 potions of heal wounds {@q2}
 q - 4 potions of might
 s - a potion of magic
 B - a potion of invisibility
 D - 3 potions of attraction {!q}
 G - 3 potions of resistance
 K - a potion of cancellation
 M - 9 potions of ambrosia
 T - 2 potions of brilliance {unknown}
Miscellaneous
 d - a tin of tremorstones (2/2)
   (You found it on level 2 of the Lair of Beasts)
 J - a condenser vane
   (You found it on level 9 of the Dungeon)
 U - a box of beasts
   (You found it on level 6 of the Lair of Beasts)

Dungeon Overview and Level Annotations

Branches:
Dungeon (11/15)            Temple (1/1) D:6            Lair (6/6) D:8
  Swamp (0/4) Lair:2        Snake (0/4) Lair:3        Slime (0/5) Lair:6
    Orc (0/2) D:10          Sewer (visited)         Ossuary (visited)

Altars:
Ashenzari
Cheibriados
Dithmenos
Elyvilon
Fedhas
Gozag
Hepliaklqana
Kikubaaqudgha
Makhleb
Nemelex Xobeh
Okawaru
Qazlal
Ru
Sif Muna
Trog
Uskayaw
Vehumet
Wu Jian
Xom
Yredelemnul
Zin
The Shining One
Beogh

Shops:
D:10 :

Annotations:
D:10 digging
Lair:6 exclusion: oklob plant

##### ###...####
#@†......##
##.Y.......♣
#..#....##♣8♣ ### ####
#########''##'### ∆
#.##
#$/..##≈≈P##8....#8..#
##.##
}Y...+≈≈≈..'†....#...#
#....
:?...+≈≈≈≈.#8.####.#.#
#....
#?.Y.#≈≈≈≈.####....#+#
#....
######.≈≈≈≈#....####
#....


You could see a dire elephant.


Message History

You lost 1 mp, and now have 2/28 mp.
The searing ray hits the dire elephant.
The dire elephant closely misses you.
The dire elephant trunk-slaps you but does no damage. 😨 HP[+1] MP[-1]
You lost 1 mp, and now have 1/28 mp.
The searing ray hits the dire elephant.
You finish channeling your searing ray.
The dire elephant completely misses you.
You block the dire elephant's attack. 😨 MP[-1]
You lost 1 mp, and now have 0/28 mp.
You hit the dire elephant but do no damage.
You bite the dire elephant, but do no damage.
You block the dire elephant's attack.
The dire elephant completely misses you. 😨 MP[+1]
You hit the dire elephant.
The dire elephant writhes in agony.
The dire elephant tramples you but does no damage.
The dire elephant misses you.
You hit the dire elephant but do no damage.
The dire elephant writhes in agony.
You hit the dire elephant but do no damage.
The dire elephant writhes in agony.
The dire elephant tramples you!
* * * LOW HITPOINT WARNING * * *
You hold your ground!
You block the dire elephant's attack. 😨 HP[-10]
You take 10 damage, and now have 44/108 hp.
You hit the dire elephant.
The dire elephant writhes in agony.
You bite the dire elephant, but do no damage.
The dire elephant completely misses you. x2
You hit the dire elephant but do no damage.
The dire elephant writhes in agony!
You bite the dire elephant, but do no damage.
You hit the dire elephant but do no damage.
The dire elephant writhes in agony.
You block the dire elephant's attack.
The dire elephant completely misses you.
You hit the dire elephant but do no damage.
The dire elephant writhes in agony.
You bite the dire elephant, but do no damage.
The dire elephant misses you. The dire elephant trunk-slaps you.
* * * LOW HITPOINT WARNING * * *
😨 HP[-3] MP[+1]
You take 3 damage, and now have 41/108 hp.
You hit the dire elephant but do no damage.
You bite the dire elephant, but do no damage.
The dire elephant barely misses you.
The dire elephant closely misses you. 😨 HP[+1]
You hit the dire elephant but do no damage.
The dire elephant writhes in agony!
You kill the dire elephant!
Cheibriados appreciates the change of pace.
A dire elephant comes into view. 😮 HP[+25] MP[+19]
You regained 25 hp, and now have 67/108 hp.
You regained 19 mp, and now have 21/28 mp.
Casting: Searing Ray (safe; 1% risk of failure)
Confirm with . or Enter, or press ? or * to list all spells.
Aiming: Fulminant Prism (safe; 1% risk of failure)
Press: ? - help, Dir - move target You conjure a prism of explosive energy!
The dire elephant trumpets!
A fulminant prism comes into view. 😮 HP[+1] MP[-4]
You lost 4 mp, and now have 17/28 mp.
Casting: Fulminant Prism (safe; 1% risk of failure)
Confirm with . or Enter, or press ? or * to list all spells.
Aiming: Searing Ray (safe; 1% risk of failure)
Press: ? - help, Shift-Dir - straight line, f - dire elephant
Aim: a dire elephant (0% to evade)
The searing ray hits the dire elephant. (Press . to maintain the ray.)
Your fulminant prism crackles loudly. 😮 MP[-2]
You lost 2 mp, and now have 15/28 mp.
The searing ray hits the dire elephant but does no damage.
The blast of energy engulfs the dire elephant!!
The searing ray hits the dire elephant!
You block the dire elephant's attack.
The dire elephant completely misses you. 😮 MP[-1]
You lost 1 mp, and now have 14/28 mp.
The searing ray hits the dire elephant!
You finish channeling your searing ray.
You block the dire elephant's attack.
The dire elephant completely misses you. 😮 HP[+1] MP[-1]
You lost 1 mp, and now have 13/28 mp.
You hit the dire elephant but do no damage.
The dire elephant barely misses you.
The dire elephant completely misses you.
You hit the dire elephant.
The dire elephant writhes in agony.
You hit the dire elephant but do no damage.
The dire elephant writhes in agony!
The dire elephant tramples you!!
* * * LOW HITPOINT WARNING * * *
You hold your ground!
The dire elephant trunk-slaps you but does no damage. 😨 HP[-33] MP[+1]
You take 33 damage, and now have 36/108 hp.
MASSIVE DAMAGE!! (PAUSE)
You are too injured to fight recklessly!
You hit the dire elephant but do no damage.
The dire elephant writhes in agony!
The dire elephant tramples you!!!
You die...

Skill      XL: |  1  2  3  4  5  6  7  8  9 10 11 12 13 14 |
---------------+-------------------------------------------+-----
Spellcasting   | 5 6 7 8 9 10 | 10.6
Invocations    | 1 2 3 4 5 6 7 8 9 10 | 10.2
Fighting       | 1 2 3 4 5 6 7 8 9 |  9.4
Short Blades   | 1 2 3 4 5 6 7 8 9 |  9.4
Long Blades    | 1 2 3 4 5 6 7 8 9 |  9.4
Axes           | 1 2 3 4 5 6 7 8 9 |  9.4
Maces & Flails | 1 2 3 4 5 6 7 8 9 |  9.4
Polearms       | 1 2 3 4 5 6 7 8 9 |  9.4
Staves         | 1 2 3 4 5 6 7 8 9 |  9.4
Slings         | 1 2 3 4 5 6 7 8 9 |  9.4
Bows           | 1 2 3 4 5 6 7 8 9 |  9.4
Crossbows      | 1 2 3 4 5 6 7 8 9 |  9.4
Throwing       | 1 2 3 4 5 6 7 8 9 |  9.4
Armour         | 1 2 3 4 5 6 7 8 9 |  9.4
Shields        | 1 2 3 4 5 6 7 8 9 |  9.4
Unarmed Combat | 1 2 3 4 5 6 7 8 9 |  9.4
Evocations     | 1 2 3 4 5 6 7 8 9 |  9.4
Hexes          | 1 2 3 4 5 6 7 |  7.9
Summonings     | 1 2 3 4 5 6 7 |  7.9
Necromancy     | 1 2 3 4 5 6 7 |  7.9
Translocations | 1 2 3 4 5 6 7 |  7.9
Transmutations | 1 2 3 4 5 6 7 |  7.9
Fire Magic     | 1 2 3 4 5 6 7 |  7.9
Ice Magic      | 1 2 3 4 5 6 7 |  7.9
Air Magic      | 1 2 3 4 5 6 7 |  7.9
Earth Magic    | 1 2 3 4 5 6 7 |  7.9
Poison Magic   | 1 2 3 4 5 6 7 |  7.9
Dodging        | 5 6 7 8 9 10 | 10.4
Stealth        | 5 6 7 8 9 10 | 10.3
Conjurations   | 8 9 10 | 10.5

Action                   |  1- 3 |  4- 6 |  7- 9 | 10-12 | 13-15 || total
-------------------------+-------+-------+-------+-------+-------++-------
Melee: Dagger            |     8 |       |       |       |       ||     8
       Bite              |     1 |       |     7 |    21 |    76 ||   105
       Unarmed           |       |    17 |       |       |       ||    17
       Falchion          |       |       |    38 |       |       ||    38
       Long sword        |       |       |     5 |    50 |    21 ||    76
       Staff             |       |       |       |       |   190 ||   190
 Fire: Hunting sling     |     2 |     7 |     1 |       |       ||    10
Throw: Javelin           |       |       |       |     2 |       ||     2
       Throwing net      |       |       |       |       |     1 ||     1
 Cast: Magic Dart        |    56 |   157 |   348 |   339 |   146 ||  1046
       Searing Ray       |       |     5 |    39 |   107 |    57 ||   208
       Iskenderun's Myst |       |       |     3 |    15 |    31 ||    49
       Fulminant Prism   |       |       |       |     4 |    13 ||    17
       Dispel Undead     |       |       |       |       |     4 ||     4
Invok: Slouch            |       |       |       |     1 |       ||     1
 Abil: Evoke Flight      |       |       |     4 |       |     1 ||     5
       Stop Flying       |       |       |     1 |       |       ||     1
Evoke: Wand              |       |       |       |    13 |     4 ||    17
       Condenser vane    |       |       |       |     1 |       ||     1
  Use: Scroll            |       |     5 |    12 |    10 |     4 ||    31
       Potion            |       |       |     5 |     2 |       ||     7
 Stab: Sleeping          |       |     1 |       |     1 |       ||     2
       Paralysed         |       |       |       |    10 |       ||    10
Armor: Robe              |     1 |     2 |    14 |    16 |    33 ||    66
Dodge: Dodged            |     7 |    30 |   104 |   183 |   300 ||   624
Block: Buckler           |       |       |    33 |    80 |   124 ||   237
       Rpst.: Falchion   |       |     5 |    21 |       |       ||    26
       Long sword        |       |       |     1 |    52 |    15 ||    68

Levels and vault maps discovered:
D:1:      ncdulo_lavacross, layout_basic, serial_park_tiny_2, minmay_tripent
D:2:      layout_basic, lemuel_coloured_pillars_altar, marbit_many_paths,
          general_overflow_altar, serial_bayou_crossing
D:3:      layout_basic, old_standard_altar, portal_sewer_entry_a,
          grunt_ministairs_2, elyvilon_altar_1
D:4:      layout_rooms, trog_hazing_becter
D:5:      layout_cave_pools, grunt_dithmenos_smoke,
          chequers_temple_overflow_statue_of_worship, hangedman_decor_slide_cut,
          chequers_serial_rivers_micro_c, kennysheep_flooded_box
D:6:      layout_basic, nemelex_altar_shiori, minmay_temple_entry_glassed_door,
          serial_glass, glass_columns_c, glass_columns_c, enter_ossuary_3
D:7:      layout_cave_pools, basic_altar
D:8:      layout_basic, kennysheep_okawaru_gauntlet, lair_entry_dummy
D:9:      layout_basic, kennysheep_little_box, lemuel_crystal_altar,
          lemuel_tele_altar
D:10:     layout_gridville, david_orc_5, serial_shops, shop,
          onia_ninara_dug_in_and_dangerous, uniq_fannar
D:11:     layout_cave_pools, basic_altar
Temple:   minmay_temple_curvy_loop
Lair:1:   layout_gridlike, special_room [special_room_bee], uniq_nergalle
Lair:2:   layout_cave_pods, swamp_mist_pool, st_stairs_9, beast_lair_carwin_3
Lair:3:   layout_loops_ring, dummy_snake_entry, ebering_ghost_rock_garden,
          st_stairs_7
Lair:4:   layout_loops_ring, ebering_ghost_xom, roderic_batcave
Lair:5:   slaughterhouse, layout_gridlike, st_stairs_12
Lair:6:   due_jungle_book, layout_big_grid, minmay_slime_entry_oklob_enclosed,
          chequers_serial_rivers_room_b, bobbens_ice_dragon_lair

Notes
Turn   | Place    | Note
-------+----------+-------------------------------------------
     0 | D:1      | phalm the Gnoll Conjurer began the quest for the Orb.
     0 | D:1      | Reached XP level 1. HP: 13/13 MP: 6/6
     0 | D:1      | magus.rc [v1.9.10]
   112 | D:1      | Reached XP level 2. HP: 19/19 MP: 5/7
   115 | D:1      | Learned a level 2 spell: Searing Ray
   438 | D:1      | Reached skill level 5 in Spellcasting
   438 | D:1      | Reached XP level 3. HP: 12/25 MP: 0/9
   720 | D:1      | Reached skill level 1 in Invocations
   854 | D:1      | Reached skill level 1 in Fighting
   854 | D:1      | Reached skill level 1 in Short Blades
   854 | D:1      | Reached skill level 1 in Long Blades
   854 | D:1      | Reached skill level 1 in Axes
   854 | D:1      | Reached skill level 1 in Maces & Flails
   854 | D:1      | Reached skill level 1 in Polearms
   854 | D:1      | Reached skill level 1 in Staves
   854 | D:1      | Reached skill level 1 in Slings
   854 | D:1      | Reached skill level 1 in Bows
   854 | D:1      | Reached skill level 1 in Crossbows
   854 | D:1      | Reached skill level 1 in Throwing
   854 | D:1      | Reached skill level 1 in Armour
   854 | D:1      | Reached skill level 1 in Shields
   854 | D:1      | Reached skill level 1 in Unarmed Combat
   854 | D:1      | Reached skill level 1 in Evocations
  1046 | D:1      | Reached XP level 4. HP: 32/32 MP: 9/11
  1051 | D:1      | Learned a level 4 spell: Iskenderun's Mystic Blast
  1129 | D:1      | Learned a level 4 spell: Fulminant Prism
  1419 | D:2      | Reached skill level 1 in Hexes
  1419 | D:2      | Reached skill level 1 in Summonings
  1419 | D:2      | Reached skill level 1 in Necromancy
  1419 | D:2      | Reached skill level 1 in Translocations
  1419 | D:2      | Reached skill level 1 in Transmutations
  1419 | D:2      | Reached skill level 1 in Fire Magic
  1419 | D:2      | Reached skill level 1 in Ice Magic
  1419 | D:2      | Reached skill level 1 in Air Magic
  1419 | D:2      | Reached skill level 1 in Earth Magic
  1419 | D:2      | Reached skill level 1 in Poison Magic
  1606 | D:2      | Reached XP level 5. HP: 37/37 MP: 7/12
  2312 | D:2      | Found a burning altar of Makhleb.
  2439 | D:2      | Found a shimmering blue altar of Sif Muna.
  2494 | D:2      | Found a sacrificial altar of Ru.
  2560 | D:3      | Found a white marble altar of Elyvilon.
  2628 | D:3      | Found a stormy altar of Qazlal.
  2652 | D:3      | Found a glowing drain.
  2763 | Sewer    | Entered a sewer
  2770 | Sewer    | Reached skill level 2 in Invocations
  2770 | Sewer    | Reached XP level 6. HP: 35/44 MP: 7/13
  2897 | Sewer    | Reached skill level 5 in Dodging
  2903 | Sewer    | Reached skill level 2 in Fighting
  2903 | Sewer    | Reached skill level 2 in Short Blades
  2903 | Sewer    | Reached skill level 2 in Long Blades
  2903 | Sewer    | Reached skill level 2 in Axes
  2903 | Sewer    | Reached skill level 2 in Maces & Flails
  2903 | Sewer    | Reached skill level 2 in Polearms
  2903 | Sewer    | Reached skill level 2 in Staves
  2903 | Sewer    | Reached skill level 2 in Slings
  2903 | Sewer    | Reached skill level 2 in Bows
  2903 | Sewer    | Reached skill level 2 in Crossbows
  2903 | Sewer    | Reached skill level 2 in Throwing
  2903 | Sewer    | Reached skill level 2 in Armour
  2903 | Sewer    | Reached skill level 2 in Shields
  2903 | Sewer    | Reached skill level 2 in Unarmed Combat
  2903 | Sewer    | Reached skill level 2 in Evocations
  3015 | Sewer    | Found a white marble altar of Elyvilon.
  4325 | D:4      | Reached XP level 7. HP: 50/50 MP: 8/15
  4617 | D:4      | Reached skill level 2 in Hexes
  4617 | D:4      | Reached skill level 2 in Summonings
  4617 | D:4      | Reached skill level 2 in Necromancy
  4617 | D:4      | Reached skill level 2 in Translocations
  4617 | D:4      | Reached skill level 2 in Transmutations
  4617 | D:4      | Reached skill level 2 in Fire Magic
  4617 | D:4      | Reached skill level 2 in Ice Magic
  4617 | D:4      | Reached skill level 2 in Air Magic
  4617 | D:4      | Reached skill level 2 in Earth Magic
  4617 | D:4      | Reached skill level 2 in Poison Magic
  4799 | D:4      | Found a bloodstained altar of Trog.
  5041 | D:4      | Reached skill level 5 in Stealth
  5120 | D:5      | Entered Level 5 of the Dungeon
  5125 | D:5      | Reached skill level 3 in Invocations
  5571 | D:5      | Reached XP level 8. HP: 57/57 MP: 9/16
  5649 | D:5      | Reached skill level 3 in Fighting
  5649 | D:5      | Reached skill level 3 in Short Blades
  5649 | D:5      | Reached skill level 3 in Long Blades
  5649 | D:5      | Reached skill level 3 in Axes
  5649 | D:5      | Reached skill level 3 in Maces & Flails
  5649 | D:5      | Reached skill level 3 in Polearms
  5649 | D:5      | Reached skill level 3 in Staves
  5649 | D:5      | Reached skill level 3 in Slings
  5649 | D:5      | Reached skill level 3 in Bows
  5649 | D:5      | Reached skill level 3 in Crossbows
  5649 | D:5      | Reached skill level 3 in Throwing
  5649 | D:5      | Reached skill level 3 in Armour
  5649 | D:5      | Reached skill level 3 in Shields
  5649 | D:5      | Reached skill level 3 in Unarmed Combat
  5649 | D:5      | Reached skill level 3 in Evocations
  5886 | D:5      | Reached skill level 6 in Spellcasting
  6039 | D:5      | Found a shadowy altar of Dithmenos.
  6047 | D:5      | Found a bloodstained altar of Trog.
  6047 | D:5      | Found a shimmering altar of Xom.
  6427 | D:6      | Found a staircase to the Ecumenical Temple.
  6564 | D:6      | Found a sand-covered staircase.
  6573 | Ossuary  | Entered an ossuary
  6646 | Ossuary  | HP: 6/58 [bog mummy (18)]
  7059 | Ossuary  | Reached skill level 4 in Invocations
  7076 | Ossuary  | Reached skill level 3 in Hexes
  7076 | Ossuary  | Reached skill level 3 in Summonings
  7076 | Ossuary  | Reached skill level 3 in Necromancy
  7076 | Ossuary  | Reached skill level 3 in Translocations
  7076 | Ossuary  | Reached skill level 3 in Transmutations
  7076 | Ossuary  | Reached skill level 3 in Fire Magic
  7076 | Ossuary  | Reached skill level 3 in Ice Magic
  7076 | Ossuary  | Reached skill level 3 in Air Magic
  7076 | Ossuary  | Reached skill level 3 in Earth Magic
  7076 | Ossuary  | Reached skill level 3 in Poison Magic
  7445 | Ossuary  | Reached skill level 6 in Dodging
  7590 | Ossuary  | Identified a scroll of acquirement
  7594 | Ossuary  | Acquired the ring of the Catamount {+Fly rF+ Dex+3 Stlth+}
  7898 | Temple   | Entered the Ecumenical Temple
  8127 | Temple   | Became a worshipper of Cheibriados the Contemplative
  8156 | D:6      | Reached XP level 9. HP: 65/65 MP: 9/18
  8559 | D:6      | Found a sparkling altar of Nemelex Xobeh.
  8631 | D:6      | Reached skill level 4 in Fighting
  8631 | D:6      | Reached skill level 4 in Short Blades
  8631 | D:6      | Reached skill level 4 in Long Blades
  8631 | D:6      | Reached skill level 4 in Axes
  8631 | D:6      | Reached skill level 4 in Maces & Flails
  8631 | D:6      | Reached skill level 4 in Polearms
  8631 | D:6      | Reached skill level 4 in Staves
  8631 | D:6      | Reached skill level 4 in Slings
  8631 | D:6      | Reached skill level 4 in Bows
  8631 | D:6      | Reached skill level 4 in Crossbows
  8631 | D:6      | Reached skill level 4 in Throwing
  8631 | D:6      | Reached skill level 4 in Armour
  8631 | D:6      | Reached skill level 4 in Shields
  8631 | D:6      | Reached skill level 4 in Unarmed Combat
  8631 | D:6      | Reached skill level 4 in Evocations
  9161 | D:7      | Reached * piety under Cheibriados
  9200 | D:7      | Reached skill level 6 in Stealth
  9200 | D:7      | Reached skill level 8 in Conjurations
  9596 | D:7      | Found a stormy altar of Qazlal.
  9823 | D:8      | Found a staircase to the Lair.
 10069 | D:8      | Reached skill level 5 in Invocations
 10074 | D:8      | Reached ** piety under Cheibriados
 10665 | D:8      | Reached skill level 7 in Spellcasting
 10666 | D:8      | Reached XP level 10. HP: 65/73 MP: 14/20
 10709 | D:8      | Reached skill level 4 in Hexes
 10709 | D:8      | Reached skill level 4 in Summonings
 10709 | D:8      | Reached skill level 4 in Necromancy
 10709 | D:8      | Reached skill level 4 in Translocations
 10709 | D:8      | Reached skill level 4 in Transmutations
 10709 | D:8      | Reached skill level 4 in Fire Magic
 10709 | D:8      | Reached skill level 4 in Ice Magic
 10709 | D:8      | Reached skill level 4 in Air Magic
 10709 | D:8      | Reached skill level 4 in Earth Magic
 10709 | D:8      | Reached skill level 4 in Poison Magic
 10936 | D:8      | Found an iron altar of Okawaru.
 11718 | D:9      | Reached skill level 5 in Fighting
 11718 | D:9      | Reached skill level 5 in Short Blades
 11718 | D:9      | Reached skill level 5 in Long Blades
 11718 | D:9      | Reached skill level 5 in Axes
 11718 | D:9      | Reached skill level 5 in Maces & Flails
 11718 | D:9      | Reached skill level 5 in Polearms
 11718 | D:9      | Reached skill level 5 in Staves
 11718 | D:9      | Reached skill level 5 in Slings
 11718 | D:9      | Reached skill level 5 in Bows
 11718 | D:9      | Reached skill level 5 in Crossbows
 11718 | D:9      | Reached skill level 5 in Throwing
 11718 | D:9      | Reached skill level 5 in Armour
 11718 | D:9      | Reached skill level 5 in Shields
 11718 | D:9      | Reached skill level 5 in Unarmed Combat
 11718 | D:9      | Reached skill level 5 in Evocations
 11875 | D:9      | Found a radiant altar of Vehumet.
 11887 | D:9      | Found a blossoming altar of Fedhas.
 12298 | D:9      | Reached skill level 7 in Dodging
 12465 | D:9      | Found a snail-covered altar of Cheibriados.
 13048 | D:10     | Entered Level 10 of the Dungeon
 13059 | D:10     | Reached *** piety under Cheibriados
 13190 | D:10     | Reached skill level 6 in Invocations
 13310 | D:10     | Reached skill level 7 in Stealth
 13318 | D:10     | Noticed Fannar
 13339 | D:10     | Killed Fannar
 13928 | D:10     | Found Nisyobru's Book Boutique.
 14023 | D:10     | Reached XP level 11. HP: 68/81 MP: 16/22
 14113 | D:10     | Noticed a boulder beetle
 14282 | D:10     | Noticed a green ugly thing
 14434 | D:10     | Reached **** piety under Cheibriados
 14652 | D:10     | Found a roughly hewn altar of Beogh.
 14652 | D:10     | Found a staircase to the Orcish Mines.
 15183 | D:10     | Killed a boulder beetle
 15184 | D:10     | Reached skill level 6 in Fighting
 15184 | D:10     | Reached skill level 6 in Short Blades
 15184 | D:10     | Reached skill level 6 in Long Blades
 15184 | D:10     | Reached skill level 6 in Axes
 15184 | D:10     | Reached skill level 6 in Maces & Flails
 15184 | D:10     | Reached skill level 6 in Polearms
 15184 | D:10     | Reached skill level 6 in Staves
 15184 | D:10     | Reached skill level 6 in Slings
 15184 | D:10     | Reached skill level 6 in Bows
 15184 | D:10     | Reached skill level 6 in Crossbows
 15184 | D:10     | Reached skill level 6 in Throwing
 15184 | D:10     | Reached skill level 6 in Armour
 15184 | D:10     | Reached skill level 6 in Shields
 15184 | D:10     | Reached skill level 6 in Unarmed Combat
 15184 | D:10     | Reached skill level 5 in Hexes
 15184 | D:10     | Reached skill level 5 in Summonings
 15184 | D:10     | Reached skill level 5 in Necromancy
 15184 | D:10     | Reached skill level 5 in Translocations
 15184 | D:10     | Reached skill level 5 in Transmutations
 15184 | D:10     | Reached skill level 5 in Fire Magic
 15184 | D:10     | Reached skill level 5 in Ice Magic
 15184 | D:10     | Reached skill level 5 in Air Magic
 15184 | D:10     | Reached skill level 5 in Earth Magic
 15184 | D:10     | Reached skill level 5 in Poison Magic
 15184 | D:10     | Reached skill level 6 in Evocations
 15291 | D:11     | Reached skill level 8 in Spellcasting
 15368 | D:11     | Found a sparkling altar of Nemelex Xobeh.
 15566 | D:11     | Noticed a manticore
 15572 | D:11     | HP: 17/81 [something (10)]
 15573 | D:11     | Killed an unseen horror
 15578 | D:11     | HP: 18/81 [poisoned by a killer bee]
 15581 | D:11     | Killed a manticore
 15582 | D:11     | Reached skill level 8 in Dodging
 15582 | D:11     | Reached skill level 9 in Conjurations
 15582 | D:11     | Reached skill level 7 in Invocations
 15582 | D:11     | Reached ***** piety under Cheibriados
 15584 | D:11     | Noticed a cyclops
 15793 | Lair:1   | Entered Level 1 of the Lair of Beasts
 16029 | Lair:1   | Noticed Nergalle
 16036 | Lair:1   | Killed Nergalle
 16043 | Lair:1   | Reached skill level 8 in Stealth
 16354 | Lair:1   | Noticed a four-headed hydra
 16379 | Lair:1   | Reached XP level 12. HP: 44/89 MP: 5/24
 16380 | Lair:1   | Killed a four-headed hydra
 16539 | Lair:1   | Reached skill level 7 in Fighting
 16539 | Lair:1   | Reached skill level 7 in Short Blades
 16539 | Lair:1   | Reached skill level 7 in Long Blades
 16539 | Lair:1   | Reached skill level 7 in Axes
 16539 | Lair:1   | Reached skill level 7 in Maces & Flails
 16539 | Lair:1   | Reached skill level 7 in Polearms
 16539 | Lair:1   | Reached skill level 7 in Staves
 16539 | Lair:1   | Reached skill level 7 in Slings
 16539 | Lair:1   | Reached skill level 7 in Bows
 16539 | Lair:1   | Reached skill level 7 in Crossbows
 16539 | Lair:1   | Reached skill level 7 in Throwing
 16539 | Lair:1   | Reached skill level 7 in Armour
 16539 | Lair:1   | Reached skill level 7 in Shields
 16539 | Lair:1   | Reached skill level 7 in Unarmed Combat
 16539 | Lair:1   | Reached skill level 7 in Evocations
 17673 | Lair:2   | Reached skill level 6 in Hexes
 17673 | Lair:2   | Reached skill level 6 in Summonings
 17673 | Lair:2   | Reached skill level 6 in Necromancy
 17673 | Lair:2   | Reached skill level 6 in Translocations
 17673 | Lair:2   | Reached skill level 6 in Transmutations
 17673 | Lair:2   | Reached skill level 6 in Fire Magic
 17673 | Lair:2   | Reached skill level 6 in Ice Magic
 17673 | Lair:2   | Reached skill level 6 in Air Magic
 17673 | Lair:2   | Reached skill level 6 in Earth Magic
 17673 | Lair:2   | Reached skill level 6 in Poison Magic
 17735 | Lair:2   | Found a staircase to the Swamp.
 17757 | Lair:2   | Reached skill level 8 in Invocations
 17993 | Lair:2   | Noticed a five-headed hydra
 18001 | Lair:2   | Killed a five-headed hydra
 18002 | Lair:2   | Reached skill level 9 in Spellcasting
 18413 | Lair:2   | Reached ****** piety under Cheibriados
 18728 | Lair:2   | You fall into a shaft and drop 2 floors!
 18742 | Lair:4   | Reached skill level 9 in Dodging
 18851 | Lair:4   | Noticed a seven-headed hydra
 18859 | Lair:4   | Killed a seven-headed hydra
 19807 | Lair:3   | Found a runed translucent gate.
 19808 | Lair:3   | Found a runed translucent gate.
 19810 | Lair:3   | Found a runed translucent gate.
 19810 | Lair:3   | Noticed aphrod's ghost (journeyman DrTm)
 19902 | Lair:3   | Noticed a catoblepas
 19921 | Lair:3   | Killed a catoblepas
 19922 | Lair:3   | Reached skill level 9 in Stealth
 19922 | Lair:3   | Reached XP level 13. HP: 34/98 MP: 2/26
 20436 | Lair:3   | Found a staircase to the Snake Pit.
 20777 | Lair:3   | Killed aphrod's ghost
 20778 | Lair:3   | Reached skill level 8 in Fighting
 20778 | Lair:3   | Reached skill level 8 in Short Blades
 20778 | Lair:3   | Reached skill level 8 in Long Blades
 20778 | Lair:3   | Reached skill level 8 in Axes
 20778 | Lair:3   | Reached skill level 8 in Maces & Flails
 20778 | Lair:3   | Reached skill level 8 in Polearms
 20778 | Lair:3   | Reached skill level 8 in Staves
 20778 | Lair:3   | Reached skill level 8 in Slings
 20778 | Lair:3   | Reached skill level 8 in Bows
 20778 | Lair:3   | Reached skill level 8 in Crossbows
 20778 | Lair:3   | Reached skill level 8 in Throwing
 20778 | Lair:3   | Reached skill level 8 in Armour
 20778 | Lair:3   | Reached skill level 8 in Shields
 20778 | Lair:3   | Reached skill level 8 in Unarmed Combat
 20778 | Lair:3   | Reached skill level 8 in Evocations
 20782 | Lair:3   | Got a smoking dire flail
 20788 | Lair:3   | Identified the +4 dire flail "Ydghussam" {freeze, rPois rF+
                  | Str-2 SInv} (You found it on level 3 of the Lair of Beasts)
 21121 | Lair:4   | Reached skill level 9 in Invocations
 21571 | Lair:4   | You pick up a book of Death and begin reading...
 21571 | Lair:4   | You add the spells Corpse Rot, Sublimation of Blood, Dispel
                  | Undead, Agony and Excruciating Wounds to your library.
 21575 | Lair:4   | Learned a level 2 spell: Sublimation of Blood
 21580 | Lair:4   | Learned a level 4 spell: Dispel Undead
 21692 | Lair:4   | Found a runed translucent door.
 21692 | Lair:4   | Found a shimmering altar of Xom.
 21692 | Lair:4   | Noticed Buproez's ghost (journeyman TrBe)
 21693 | Lair:4   | Identified the +9 war axe of Ravage {chaos, *Noise rPois
                  | Int+4 SInv}
 21703 | Lair:4   | Killed Buproez's ghost
 21704 | Lair:4   | Reached skill level 10 in Conjurations
 22288 | Lair:5   | Reached skill level 7 in Hexes
 22288 | Lair:5   | Reached skill level 7 in Summonings
 22288 | Lair:5   | Reached skill level 7 in Necromancy
 22288 | Lair:5   | Reached skill level 7 in Translocations
 22288 | Lair:5   | Reached skill level 7 in Transmutations
 22288 | Lair:5   | Reached skill level 7 in Fire Magic
 22288 | Lair:5   | Reached skill level 7 in Ice Magic
 22288 | Lair:5   | Reached skill level 7 in Air Magic
 22288 | Lair:5   | Reached skill level 7 in Earth Magic
 22288 | Lair:5   | Reached skill level 7 in Poison Magic
 23083 | Lair:5   | Reached skill level 10 in Spellcasting
 23564 | Lair:5   | Reached XP level 14. HP: 103/106 MP: 4/28
 23723 | Lair:5   | Reached skill level 10 in Dodging
 23739 | Lair:5   | Reached skill level 9 in Fighting
 23739 | Lair:5   | Reached skill level 9 in Short Blades
 23739 | Lair:5   | Reached skill level 9 in Long Blades
 23739 | Lair:5   | Reached skill level 9 in Axes
 23739 | Lair:5   | Reached skill level 9 in Maces & Flails
 23739 | Lair:5   | Reached skill level 9 in Polearms
 23739 | Lair:5   | Reached skill level 9 in Staves
 23739 | Lair:5   | Reached skill level 9 in Slings
 23739 | Lair:5   | Reached skill level 9 in Bows
 23739 | Lair:5   | Reached skill level 9 in Crossbows
 23739 | Lair:5   | Reached skill level 9 in Throwing
 23739 | Lair:5   | Reached skill level 9 in Armour
 23739 | Lair:5   | Reached skill level 9 in Shields
 23739 | Lair:5   | Reached skill level 9 in Unarmed Combat
 23739 | Lair:5   | Reached skill level 9 in Evocations
 23931 | Lair:6   | Entered Level 6 of the Lair of Beasts
 23963 | Lair:6   | Reached skill level 10 in Stealth
 24164 | Lair:6   | Reached skill level 10 in Invocations
 25063 | Lair:6   | Found a staircase to the Slime Pits.
 25709 | Lair:6   | Noticed a dire elephant
 25816 | Lair:6   | Noticed a dire elephant
 25816 | Lair:6   | Noticed a dire elephant
 25829 | Lair:6   | Noticed a dire elephant
 25844 | Lair:6   | Killed a dire elephant
 25858 | Lair:6   | Killed a dire elephant
 25949 | Lair:6   | Noticed a dire elephant
 25958 | Lair:6   | Slain by a dire elephant

Vanquished Creatures
  The ghost of Buproez the Basher, a journeyman TrBe of Trog (Lair:4)
  The ghost of aphrod the Grappler, a journeyman DrTm of Makhleb (Lair:3)
  2 dire elephants (Lair:6)
  An ice dragon (Lair:6)
  Fannar (D:10)
  3 boulder beetles
  6 hydras
  A catoblepas (Lair:3)
  An anaconda (Lair:6)
  A dancing weapon (Lair:4)
  13 death yaks
  A fire crab (Lair:6)
  Nergalle (Lair:1)
  An unseen horror (D:11)
  A lindwurm (Lair:5)
  An oklob plant (Lair:6)
  A manticore (D:11)
  5 elephants
  2 black mambas
  8 cane toads
  2 rime drakes
  5 komodo dragons
  A polar bear (Lair:3)
  A queen bee (Lair:1)
  A troll (D:10)
  4 dream sheep (Lair:5)
  23 blink frogs
  3 wyverns
  38 yaks
  A vampire (D:11)
  2 humans (Lair:5)
  2 basilisks
  13 water moccasins
  3 ice beasts
  5 orc warriors
  6 sky beasts
  5 black bears
  12 wolves
  4 ogres
  4 centaurs
  2 big kobolds
  17 bullfrogs
  A wyvern zombie (D:8)
  3 scorpions
  37 killer bees
  14 wights
  A howler monkey (D:5)
  2 electric eels (Lair:1)
  A quasit (D:8)
  2 bullfrog zombies
  5 centaur zombies
  4 hounds
  2 jellies
  5 orc wizards
  2 gnoll shamans
  9 orc priests
  A bullfrog skeleton (D:8)
  8 worker ants
  3 killer bee zombies (Ossuary)
  3 hound zombies
  3 hound skeletons
  11 mummies (Ossuary)
  A howler monkey zombie (D:6)
  2 worker ant zombies (Ossuary)
  15 gnolls
  4 river rats
  23 adders
  2 shadow imps (D:9)
  4 white imps
  4 ufetubi
  An ooze (D:3)
  2 adder zombies (Ossuary)
  2 adder skeletons
  3 worms
  4 dart slugs
  8 leopard geckos
  40 orcs
  7 giant cockroaches
  13 goblins
  16 hobgoblins
  5 jackals
  4 quokkas
  2 ball pythons
  A ball python zombie (D:5)
  16 bats
  6 frilled lizards
  2 giant cockroach zombies (Ossuary)
  2 jackal skeletons
  A jackal zombie (D:4)
  19 kobolds
  A leopard gecko skeleton (D:4)
  2 leopard gecko zombies (Ossuary)
  A quokka zombie (Ossuary)
  10 rats
546 creatures vanquished.

Vanquished Creatures (others)
  17 fulminant prisms
  28 fungi
  37 plants
  7 withered plants (Ossuary)
89 creatures vanquished.

Grand Total: 635 creatures vanquished

Table legend:
 A = Non-vault XP
 B = Vault XP
 C = Vault XP percentage of total XP
 D = Non-vault monster count
 E = Vault monster count
 F = Vault count percentage of total count
                 A         B        C        D         E       F
            +---------+---------+-------+---------+---------+-------
      Total |   53635 |   22724 |  29.8 |     391 |     155 |  28.4
            +---------+---------+-------+---------+---------+-------
        D:1 |      82 |       4 |   4.7 |      32 |       2 |   5.9
        D:2 |     115 |       5 |   4.2 |      19 |       1 |   5.0
        D:3 |     119 |      61 |  33.9 |      31 |       8 |  20.5
        D:4 |     482 |      10 |   2.0 |      21 |       6 |  22.2
        D:5 |     621 |       0 |   0.0 |      27 |       0 |   0.0
        D:6 |     659 |       0 |   0.0 |      17 |       0 |   0.0
        D:7 |     607 |       0 |   0.0 |      18 |       0 |   0.0
        D:8 |    1545 |       3 |   0.2 |      32 |       2 |   5.9
        D:9 |    1874 |       0 |   0.0 |      24 |       0 |   0.0
       D:10 |    2502 |    1549 |  38.2 |      26 |      23 |  46.9
       D:11 |    3478 |       0 |   0.0 |      23 |       0 |   0.0
     Lair:1 |    5170 |    2516 |  32.7 |      21 |      25 |  54.3
     Lair:2 |    5991 |    1012 |  14.5 |      21 |       7 |  25.0
     Lair:3 |    4235 |    1677 |  28.4 |      13 |       2 |  13.3
     Lair:4 |    5295 |    2319 |  30.5 |      17 |      10 |  37.0
     Lair:5 |    6745 |   10383 |  60.6 |      26 |      27 |  50.9
     Lair:6 |   14115 |    2520 |  15.1 |      23 |       5 |  17.9
      Sewer |       0 |     143 | 100.0 |       0 |      11 | 100.0
    Ossuary |       0 |     522 | 100.0 |       0 |      26 | 100.0
            +---------+---------+-------+---------+---------+-------

Illustrated notes

Table legend:
 A = Kills in this place as a percentage of kills in entire the game.
 B = Kills by you in this place as a percentage of kills by you in the entire game.
 C = Kills by friends in this place as a percentage of kills by friends in the entire game.
 D = Other kills in this place as a percentage of other kills in the entire game.
 E = Experience gained in this place as a percentage of experience gained in the entire game.
 F = Experience gained in this place divided by the number of levels of this place that you have seen.
                   A       B       C       D       E      F
               +-------+-------+-------+-------+-------+----------------------
         Total | 100.0 | 100.0 |   N/A |   N/A | 100.0 | 3817.9
       Dungeon |  57.1 |  57.1 |   N/A |   N/A |  18.0 | 1246.9
          Lair |  36.1 |  36.1 |   N/A |   N/A |  81.2 | 10329.7
         Sewer |   2.0 |   2.0 |   N/A |   N/A |   0.2 | 143.0
       Ossuary |   4.8 |   4.8 |   N/A |   N/A |   0.7 | 522.0
               +-------+-------+-------+-------+-------+----------------------

Table legend: (Time is in decaauts)
 A = Elapsed time spent in this place.
 B = Non-inter-level travel time spent in this place.
 C = Inter-level travel time spent in this place.
 D = Time resting spent in this place.
 E = Time spent auto-exploring this place.
 F = Levels seen in this place.
 G = Mean time per level.
                   A        B        C        D        E       F      G
               +--------+--------+--------+--------+--------+-----+--------+
         Total |  32092 |  31052 |   1040 |    267 |  26739 |  20 | 1604.6 |
       Dungeon |  15884 |  15290 |    594 |    165 |  13155 |  11 | 1444.0 |
        Temple |    243 |    200 |     43 |      0 |    196 |   1 |  243.0 |
          Lair |  14332 |  13931 |    401 |      0 |  12270 |   6 | 2388.7 |
         Sewer |    318 |    318 |      0 |      0 |    276 |   1 |  318.0 |
       Ossuary |   1314 |   1314 |      0 |    102 |    841 |   1 | 1314.0 |
               +--------+--------+--------+--------+--------+-----+--------+

Top non-repeatable levels by time:
  Lair:2: 2636 daAuts
    D:10: 2630 daAuts
  Lair:6: 2506 daAuts
  Lair:1: 2489 daAuts
  Lair:4: 2412 daAuts
     D:8: 2307 daAuts
     D:9: 2244 daAuts
  Lair:3: 2234 daAuts
  Lair:5: 2053 daAuts
 Ossuary: 1314 daAuts
     D:2: 1300 daAuts
     D:4: 1255 daAuts
     D:1: 1224 daAuts
     D:3: 1212 daAuts
     D:5: 1130 daAuts
